 Dungeon Crawl Stone Soup version 0.20-a0-309-gcba9277 (webtiles) character file.

18 Amnesiac the Vexing (level 2, -1/15 HPs)
             Began as a Deep Elf Enchanter on Dec 19, 2016.
             Slain by a worm (10 damage)
             ... on level 3 of the Dungeon.
             The game lasted 00:02:27 (866 turns).

Amnesiac the Vexing (Deep Elf Enchanter)             Turns: 866, Time: 00:02:27

Health: -1/15      AC:  2    Str:  5    XL:     2   Next: 48%
Magic:  0/8        EV: 13    Int: 19    God:
Gold:   53         SH:  0    Dex: 15    Spells: 4/7 levels left

rFire  . . .     SeeInvis .     a - +1 dagger
rCold  . . .     Gourm    .     m - +0 robe {MR+}
rNeg   . . .     Faith    .     (no shield)
rPois  .         Spirit   .     (no helmet)
rElec  .         Reflect  .     (no cloak)
rCorr  .         Harm     .     (no gloves)
MR     +....                    (no boots)
Stlth  +++.......               (no amulet)
                                (no ring)
                                (no ring)

@: very slightly contaminated
A: no striking features
a: no special abilities


You were on level 3 of the Dungeon.
You were not hungry.

You visited 1 branch of the dungeon, and saw 3 of its levels.

You collected 53 gold pieces.

Inventory:

Hand Weapons
 a - a +1 dagger (weapon)
Armour
 m - a +0 robe of magic resistance (worn)
Wands
 n - a wand of flame (23/48)
Scrolls
 e - 2 scrolls of identify {unknown}
 g - 3 scrolls of teleportation {unknown}
 h - a scroll of amnesia {unknown}
 i - a scroll of remove curse {unknown}
 l - a scroll of magic mapping {unknown}
Potions
 b - a potion of flight {unknown}
 f - 2 potions of cancellation {unknown}
 k - a potion of haste {unknown}
Books
 c - a book of Maledictions

   Spells                             Type                      Level
   a - Corona                         Hexes                        1
   b - Ensorcelled Hibernation        Hexes/Ice                    2
   c - Confuse                        Hexes                        3
   d - Tukima's Dance                 Hexes                        3
   e - Dazzling Spray                 Conjuration/Hexes            3
Comestibles
 d - 4 bread rations
 j - 3 beef jerkies


   Skills:
 + Level 1.2 Short Blades
 + Level 2.9 Dodging
 * Level 4.1 Stealth
 + Level 3.1 Spellcasting
 * Level 4.1 Hexes


You had 4 spell levels left.
You knew the following spells:

 Your Spells              Type           Power        Failure   Level  Hunger
f - Corona                Hex            ###....      3%          1    None
z - Ensorcelled Hibernat  Hex/Ice        ##....       12%         2    ##.....


Dungeon Overview and Level Annotations

Branches:
Dungeon (3/15)

Altars:


Message History

Aiming: Ensorcelled Hibernation
Press: ? - help, Shift-Dir - straight line, f - worm
Aim: a worm (severely wounded, chance to defeat MR: 50%)
The worm resists with some effort.
The worm bites you.
You barely miss the worm.
The worm is severely wounded.
You hit the worm.
The worm is severely wounded.
The worm bites you.
You start resting.
Casting: Ensorcelled Hibernation
Confirm with . or Enter, or press ? or * to list all spells.
Aiming: Ensorcelled Hibernation
Press: ? - help, Shift-Dir - straight line, f/p - worm
Aim: a worm (heavily wounded, chance to defeat MR: 50%)
You miscast Ensorcelled Hibernation.
You are very lightly contaminated with residual magic.
Your hands feel numb with cold.
The worm bites you!
Ouch! That really hurt!
You die...

#.#........# #########w.######
#.########.######................
..###### #................#######
...(.>.# ######.#.#.#######
######.#######.##.##.##
#.....<......###.#
#########.#####.## ##.###w##
##@#.## ##w## ###


You could see a worm.

Vanquished Creatures
  A ball python (D:1)
  A goblin (D:2)
  4 hobgoblins
  4 kobolds
  A quokka (D:3)
  2 bats (D:1)
  A frilled lizard (D:2)
  2 rats
16 creatures vanquished.

Notes
Turn   | Place    | Note
-------+----------+-------------------------------------------
     0 | D:1      | Amnesiac the Deep Elf Enchanter began the quest for the Orb.
     0 | D:1      | Reached XP level 1. HP: 10/10 MP: 6/6
   345 | D:2      | Reached XP level 2. HP: 7/15 MP: 6/8
   349 | D:2      | Learned a level 2 spell: Ensorcelled Hibernation
   866 | D:3      | Slain by a worm

Vault maps used:
D:1:      eino_arrival_cavern_a
D:2:      regret_index_temple_of_mockery, uniq_iyjb, uniq_robin
D:3:      overflow_temple_1_default, kennysheep_generic_room_4, uniq_grinder

Skill      XL: |  1  2 |
---------------+-------+-----
Stealth        | 4 |  4.1
Short Blades   | |  1.2
Dodging        | |  2.9
Spellcasting   | |  3.1
Hexes          | |  4.1

Action                   || total
-------------------------++-------
Melee: Dagger            ||    39
 Cast: Corona            ||     7
       Ensorcelled Hiber ||     9
 Stab: Sleeping          ||     8
       Distracted        ||     1
Armor: Robe              ||     3
Dodge: Dodged            ||    22
